 Dungeon Sprint DCSS version 0.29.1-14-g9c671dbff4 (webtiles) character file.

Game seed: 994426532168423953

112 Groucho the Ducker (level 4, -4/24 HPs)
             Began as a Felid Fighter on Feb 12, 2023.
             Was a Follower of Uskayaw.
             Slain by a black bear (7 damage)
             ... in the Dungeon (Sprint VII: "The Pits").
             The game lasted 00:02:13 (707 turns).

Groucho the Ducker (Felid Fighter)                   Turns: 707, Time: 00:02:13

Health: -4/24      AC:  1    Str: 14    XL:     4   Next: 63%
Magic:  8/8        EV: 21    Int: 10    God:    Uskayaw [*.....]
Gold:   0          SH:  0    Dex: 15    Spells: 3/3 levels left
                                        Lives:  0   Deaths: 1

rFire   . . .      SeeInvis +     - Unarmed
rCold   . . .      Faith    .   (shield unavailable)
rNeg    . . .      Spirit   .   (body armour unavailable)
rPois   .          Reflect  .   (helmet unavailable)
rElec   .          Harm     .   (cloak unavailable)
rCorr   .          Rampage  .   (gloves unavailable)
Will    .....      NoTele   +   (boots unavailable)
Stlth   ++++......              (no amulet)
HPRegen 0.08/turn               (no ring)
MPRegen 0.11/turn               (no ring)

@: quick
A: very small, claws 1, fangs 3, see invisible, speed 1, shaggy fur 1, stealthy
paws, no weapons or thrown items, no armour, multi-lived
a: Renounce Religion, Stomp


You were in the Dungeon.
You worshipped Uskayaw.
Uskayaw was noncommittal.
You visited 1 branch

Inventory:

Scrolls
 i - 5 scrolls of amnesia
 j - a scroll of summoning
Potions
 a - a potion of might
 b - 6 potions of curing
 c - 5 potions of heal wounds
 d - a potion of haste
 e - 4 potions of magic
 f - 3 potions of berserk rage
 h - 2 potions of invisibility


   Skills:
 + Level 6.0 Fighting
 + Level 7.9 Dodging
 + Level 7.3 Stealth
 + Level 6.6 Unarmed Combat
 + Level 5.0 Invocations


You had 3 spell levels left.
You didn't know any spells.
Your spell library was empty.

Dungeon Overview and Level Annotations

Branches:
Dungeon (1/1)

Altars:
Ashenzari
Cheibriados
Dithmenos
Elyvilon
Fedhas
Gozag
Hepliaklqana
Kikubaaqudgha
Makhleb
Nemelex Xobeh
Okawaru
Qazlal
Ru
Sif Muna
Trog
Uskayaw
Vehumet
Wu Jian
Xom
Yredelemnul
Zin
The Shining One
Jiyva
Lugonu


Innate Abilities, Weirdness & Mutations

You have sharp claws.
You have razor-sharp teeth.
You have supernaturally acute eyesight. (SInv)
You cover ground quickly. (Speed+)
You are covered in fur. (AC +1)
Your paws help you pounce on unaware monsters.
You are incapable of wielding weapons or throwing items.
You cannot wear armour.
You gain extra lives every three experience levels.


Message History

You don't have enough magic at the moment.
The hound attacks as you move away! The hound completely misses you.
The black bear seems less confused.
The black bear bites you.
The black bear claws you. x2; The black bear barely misses you.
The black bear claws you.
* * * LOW HITPOINT WARNING * * *
The black bear claws you.
* * * LOW HITPOINT WARNING * * *
Unknown command.
Unknown command.
The hound bites you.
* * * LOW HITPOINT WARNING * * *
The hound attacks as you move away! The hound bites you.
You die...
The black bear misses you. x2; The black bear barely misses you.
The hound barely misses you.
You can no longer pass through a line of other dancers.
You are now level 4!
You rejoin the land of the living...
Unknown command.
You close the door.
You hear an angry growl.
As you open the door, it creaks loudly!
The giant cockroach waves its antennae.
There is an open door here.
The black bear attacks as you move away!
The black bear bites you. The black bear claws you.
The black bear completely misses you.
Unknown command.
The black bear attacks as you move away!
The black bear closely misses you. The black bear misses you.
The black bear claws you.
There is an open door to the Storerooms (Easy) here.
The black bear rages.
The black bear closely misses you. The black bear claws you. x2
The black bear attacks as you move away!
The black bear bites you!
* * * LOW HITPOINT WARNING * * *
The black bear misses you. The black bear claws you!
You die...

############
#_________.#
#_________.#
#_______...###########++
##########'##...........
#.?(.')))'.##......#..#
##########.##..........
#......B....h@..........
#'#####'#####......#..#.
#.#..#...'.##...........
#h#..#...#.#####'#####+
#.#..#####)##.......#
#.#..'...#.##.......#
#B#..'.).'.##.......#
#.#..########...<...#
#.#..'.)))[##.......#


You could see a black bear (berserk) and a giant cockroach.

Vanquished Creatures
  Menkaure (D)
  A scorpion (D)
  A mummy (D)
  A gnoll (D)
  A river rat (D)
  An ufetubus (D)
  An adder zombie (D)
  A ball python skeleton (D)
  A giant cockroach zombie (D)
  A kobold (D)
10 creatures vanquished.

Notes
Turn   | Place    | Note
-------+----------+-------------------------------------------
     0 | D        | Groucho the Felid Fighter began the quest for the Orb.
     0 | D        | Reached XP level 1. HP: 10/10 MP: 2/2
    36 | D        | Found a bloodstained altar of Trog.
    36 | D        | Found a shimmering blue altar of Sif Muna.
    36 | D        | Found a viscous altar of Jiyva.
    36 | D        | Found a hazy altar of Hepliaklqana.
    36 | D        | Found an opulent altar of Gozag.
    37 | D        | Found a glowing golden altar of the Shining One.
    37 | D        | Found a glowing silver altar of Zin.
    37 | D        | Found a basalt altar of Yredelemnul.
    37 | D        | Found a shimmering altar of Xom.
    37 | D        | Found an ornate altar of the Wu Jian Council.
    37 | D        | Found a sacrificial altar of Ru.
    37 | D        | Found a stormy altar of Qazlal.
    37 | D        | Found an iron altar of Okawaru.
    37 | D        | Found a sparkling altar of Nemelex Xobeh.
    37 | D        | Found a burning altar of Makhleb.
    37 | D        | Found a blossoming altar of Fedhas.
    37 | D        | Found a white marble altar of Elyvilon.
    37 | D        | Found a shadowy altar of Dithmenos.
    37 | D        | Found a snail-covered altar of Cheibriados.
    39 | D        | Found a radiant altar of Vehumet.
    39 | D        | Found a corrupted altar of Lugonu.
    40 | D        | Found a hide-covered altar of Uskayaw.
    40 | D        | Found an ancient bone altar of Kikubaaqudgha.
    40 | D        | Found a broken altar of Ashenzari.
    48 | D        | Became a worshipper of Uskayaw the Reveller
    64 | D        | Reached * piety under Uskayaw
    65 | D        | Reached skill level 1 in Invocations
    65 | D        | Reached XP level 2. HP: 14/14 MP: 2/4
    79 | D        | Reached ** piety under Uskayaw
    82 | D        | Noticed a scorpion
    98 | D        | Reached skill level 5 in Dodging
   107 | D        | Reached XP level 3. HP: 15/18 MP: 0/5
   108 | D        | Reached *** piety under Uskayaw
   109 | D        | Killed a scorpion
   109 | D        | Reached **** piety under Uskayaw
   110 | D        | Reached skill level 5 in Stealth
   110 | D        | Reached skill level 5 in Unarmed Combat
   110 | D        | Reached XP level 4. HP: 18/22 MP: 0/7
   518 | D        | Reached skill level 5 in Fighting
   567 | D        | Noticed Menkaure
   675 | D        | Killed Menkaure
   676 | D        | Reached skill level 5 in Invocations
   676 | D        | Reached XP level 5. HP: 27/27 MP: 7/9
   677 | D        | Noticed a black bear
   682 | D        | HP: 1/27 [hound (2)]
   683 | D        | Slain by a hound
   684 | D        | Reached XP level 4. HP: -4/24 MP: 3/8
   707 | D        | Slain by a black bear

Illustrated notes

Levels and vault maps discovered:
D:        pitsprint [storerooms_1, entrance_room_1, metal_vault_8, armoury_3,
          mini_pit_1, grid_room_1, main_hall_1, silver_pit, the_coven_3,
          the_vestibule_1, steel_vault_5, golden_pit, hallway_of_sentries,
          crystal_vault_2, iron_vault_1, final_vault]

Skill      XL: |  1  2  3  4 |
---------------+-------------+-----
Stealth        | 2 3 5 7 |  7.3
Invocations    | 1 2 3 5 |  5.0
Dodging        | 5 6 7 |  7.9
Fighting       | 4 6 |  6.0
Unarmed Combat | 5 6 |  6.6

Action                   |  1- 3 |  4- 6 || total
-------------------------+-------+-------++-------
Melee: Unarmed           |    21 |     4 ||    25
       Bite              |     3 |       ||     3
       Punch             |     1 |       ||     1
Invok: Line Pass         |     1 |     1 ||     2
  Use: Potion            |     1 |       ||     1
       Scroll            |       |     1 ||     1
 Stab: Sleeping          |     3 |     3 ||     6
       Paralysed         |     1 |       ||     1
Dodge: Dodged            |    31 |    11 ||    42
